 Dungeon Crawl Stone Soup version 0.30.0-19-g36f170ea60 (webtiles) character file.

Game seed: 10340051679656599248

68915 Irreverend the Grappler (level 14, -4/137 HPs)
             Began as a Troll Fighter on May 27, 2023.
             Was an Elder of Wu Jian.
             Killed by divine providence
             ... invoked by an orc high priest
              (17 damage)
             ... on level 2 of the Orcish Mines.
             The game lasted 01:07:40 (18906 turns).

Irreverend the Grappler (Troll Fighter)            Turns: 18906, Time: 01:07:41

Health: -4/137     AC: 20    Str: 27      XL:     14   Next: 88%
Magic:  23/23      EV:  8    Int:  3 (6)  God:    Wu Jian [****..]
Gold:   1195       SH: 15    Dex:  9      Spells: 20/26 levels left

rFire   + .          .
                       - Unarmed
rCold   . . .        b - +0 kite shield
rNeg    + . .        o - +4 pearl dragon scales
rPois   .            (helmet restricted)
rElec   .            (no cloak)
rCorr   .            (gloves unavailable)
SInv    .            (boots unavailable)
Will    +....        B - amulet of reflection Stlth
                     e - ring of protection from fire
HPRegen 1.22/turn    I - +4 ring of protection
MPRegen 0.18/turn

%: reflection
@: exhausted
A: large, unfitting armour, claws 3, regeneration 1, shaggy fur 1, tough skin 1,
dopey 1, inability to drink after injury 1
a: Renounce Religion, Wall Jump, Serpent's Lash


You were on level 2 of the Orcish Mines.
You worshipped Wu Jian.
Wu Jian was greatly pleased with you.
You visited 4 branches of the dungeon, and saw 18 of its levels.

You collected 1699 gold pieces.
You spent 504 gold pieces at shops.

Inventory:

Missiles
 w - a throwing net
 y - 16 large rocks (quivered)
Armour
 a - a +0 robe
 b - a +0 kite shield (worn)
 o - +4 pearl dragon scales (worn)
 H - a +1 robe of willpower
Jewellery
 e - a ring of protection from fire (left claw)
 g - a ring of poison resistance
 k - an amulet of magic regeneration
 r - a +6 ring of intelligence
 u - a ring of willpower
 z - a +5 ring of evasion
 B - an amulet of reflection (around neck)
 E - a ring of fire
 F - a ring of fire
 I - a +4 ring of protection (right claw)
 K - a ring of see invisible
 L - a +6 ring of strength
 Q - a ring of flight
 V - a ring of ice
Wands
 h - a wand of flame (5)
 n - a wand of polymorph (11)
 D - a wand of paralysis (18)
 J - a wand of light (18)
 R - a wand of roots (1)
Scrolls
 d - a scroll of fear
 f - 6 scrolls of teleportation
 q - 3 scrolls of poison
 t - a scroll of brand weapon
 v - 2 scrolls of amnesia
 A - 3 scrolls of fog
 N - a scroll of magic mapping
Potions
 c - a potion of magic
 j - 6 potions of degeneration
 l - 3 potions of flight
 m - 4 potions of attraction
 p - 3 potions of brilliance
 x - 5 potions of curing
 G - 2 potions of haste
 M - 2 potions of mutation


   Skills:
 - Level 8.3 Fighting
 - Level 5.9 Dodging
 - Level 9.1 Shields
 - Level 13.3 Unarmed Combat
 + Level 6.9 Spellcasting
 + Level 8.3 Transmutations
 + Level 10.0 Earth Magic


You had 20 spell levels left.
You knew the following spells:

 Your Spells              Type           Power      Damage    Failure   Level
a - Statue Form           Tmut/Erth      4%         N/A       99%         6

Your spell library contained the following spells:

 Spells                   Type           Power      Damage    Failure   Level
 Beastly Appendage        Tmut           12%        N/A       4%          1
 Wereblood                Tmut           6%         N/A       8%          2
 Petrify                  Tmut/Erth      6%         N/A       34%         4
 Lee's Rapid Deconstruct  Erth           3%         3d5*      56%         5
 Spider Form              Tmut/Pois      3%         N/A       63%         3
 Kiss of Death            Conj/Necr      4%         2d5       83%         1
 Necrotise                Necr           4%         1d4       83%         1
 Leda's Liquefaction      Hex/Erth       2%         N/A       88%         4
 Blink                    Tloc           2%         N/A       92%         2
 Cigotuvi's Dreadful Rot  Necr/Pois/Air  2%         N/A       92%         2
 Lesser Beckoning         Tloc           2%         N/A       92%         2
 Momentum Strike          Conj/Tloc      2%         3d8       92%         2
 Scorch                   Fire           2%         2d5       92%         2
 Sublimation of Blood     Necr           1%         N/A       92%         2
 Call Canine Familiar     Summ           1%         N/A       99%         3
 Confusing Touch          Hex            1%         N/A       99%         3
 Gell's Gravitas          Tloc           1%         N/A       99%         3
 Portal Projectile        Hex/Tloc       2%         N/A       99%         3
 Teleport Other           Tloc           1%         N/A       99%         3
 Vampiric Draining        Necr           1%         2d6       99%         3
 Vhi's Electric Charge    Tloc/Air       2%         N/A       99%         3
 Volatile Blastmotes      Fire/Tloc      2%         2d10      99%         3
 Borgnjor's Vile Clutch   Necr/Erth      2%         N/A       99%         5
 Animate Dead             Necr           1%         N/A       100%        4
 Dispel Undead            Necr           1%         3d6       100%        4
 Flame Wave               Conj/Fire      1%         2d4       100%        4
 Fulminant Prism          Conj/Hex       0%         3d5       100%        4
 Iskenderun's Mystic Bla  Conj/Tloc      1%         2d3       100%        4
 Agony                    Necr           1%         N/A       100%        5
 Arcjolt                  Conj/Air       0%         1d10      100%        5
 Metabolic Englaciation   Hex/Ice        0%         N/A       100%        5
 Death Channel            Necr           0%         N/A       100%        6
 Iron Shot                Conj/Erth      2%         9d2       100%        6
 Plasma Beam              Fire/Air       0%         2x1d11    100%        6
 Summon Cactus Giant      Summ           0%         N/A       100%        6
 Summon Hydra             Summ           0%         N/A       100%        7


Dungeon Overview and Level Annotations

Branches:
Dungeon (10/15)            Temple (1/1) D:6            Lair (5/5) D:8
 Shoals (0/4) Lair:3        Snake (0/4) Lair:3        Slime (0/5) Lair:4
    Orc (2/2) D:9             Elf (0/3) Orc:2

Altars:
Ashenzari
Cheibriados
Dithmenos
Elyvilon
Fedhas
Gozag
Hepliaklqana
Kikubaaqudgha
Makhleb
Nemelex Xobeh
Okawaru
Qazlal
Ru
Sif Muna
Trog
Uskayaw
Vehumet
Wu Jian
Xom
Yredelemnul
Zin
The Shining One
Jiyva

Shops:
D:1 =(   D:3 :   D:5 [   D:9 ?   D:10 :   Orc:1 [*   Orc:2 ((**

Annotations:
D:6 1 runed translucent door, rundlesten's ghost, novice MiBe
Orc:1 turdburglar's ghost, adept DsMo


Innate Abilities, Weirdness & Mutations

You are too large for most types of armour.
You have claws for hands.
Your natural rate of healing is unusually fast.
You are covered in fur. (AC +1)
You have tough skin. (AC +1)
You are dopey. (Int -2)
You occasionally lose the ability to drink potions when taking damage.


Message History

You scratch the orc high priest but do no damage.
The orc high priest is heavily wounded.
You spin and attack the sun demon repeatedly, with incredible momentum.
You scratch the sun demon.
The sun demon is lightly wounded.
You scratch the sun demon but do no damage.
The sun demon is lightly wounded.
Your supernatural speed expires.
Things that are here:
a +0 robe; a +0 dagger
Found two rat skeletons.
You spin and attack the orc high priest repeatedly.
You claw the orc high priest!
The orc high priest is severely wounded.
You miss the orc high priest.
The orc high priest is severely wounded.
The orc priest mumbles some strange prayers to Beogh against you.
Beogh smites you!
* * * LOW HITPOINT WARNING * * *
The orc high priest barely misses you.
Aiming: Bolt of Light
Press: ? - help, Shift-Dir - straight line, f - orc high priest
Aim: an orc high priest, wielding a +2 trident of venom and wearing a +0 leather armour (severely wounded, 64% to hit)
Okay, then.
Aiming: Wall Jump
Press: ? - help, Dir - move target
Found Xuhext's General Store and Xouteor's General Store.
You repeatedly attack the orc priest from above.
You completely miss the orc priest. You mangle the orc priest!!
You kill the orc priest!
The Council accepts your kill.
The orc high priest invokes the aid of Beogh against you.
You resist with significant effort.
The orc high priest prays to Beogh.
Aiming: Wall Jump
Press: ? - help, Dir - move target
Found Mogeph's Antique Weapon Boutique and Beuxa's Weapon Shoppe.
The orc high priest invokes the aid of Beogh against you.
Beogh smites you!
You die...

# ####### ###.....##
##∩.......###
#...........# ##
∩...÷....4..## .#
###∩.....§......## .###
##.##....÷°○°3)o[.#
...###...##∩.÷.○@°3#)[.##
.....#..#####..○○°.##)..#
...........#####..###)[.#
.....#.....# #####....#
.#.###.....#######..[..##
######..........)..[[.##
# #......#.......[.## #
##.#...........###
####.........##


You could see an orc high priest, 2 sun demons and a rust devil (summoned).

Vanquished Creatures
  Jorgrun (Orc:1)
  An orc warlord (Orc:1)
  An ettin (Orc:2)
  7 hydras
  3 catoblepae (Lair:5)
  2 two-headed ogres
  2 orc high priests (Orc:2)
  9 death yaks
  Urug (Lair:1)
  2 soul eaters (D:10)
  Amaemon (D:8)
  5 skysharks
  A harpy (Lair:3)
  2 lindwurms
  4 orc knights
  3 orc sorcerers (Orc:2)
  3 manticores
  Maurice (D:8)
  A cyclops (Orc:2)
  3 rust devils (D:10)
  15 elephants
  A smoke demon (D:10)
  4 black mambas
  2 orange demons
  8 cane toads
  A rime drake (Lair:4)
  11 komodo dragons
  3 ice devils (D:10)
  4 trolls
  A hellwing (D:10)
  4 polar bears
  Grinder (D:5)
  A hornet (D:10)
  16 dream sheep
  15 blink frogs
  A shadow (D:9)
  48 yaks
  A ynoxinul (D:10)
  8 wyverns
  6 basilisks
  A human (D:9)
  A neqoxec (D:10)
  Grum (D:8)
  Menkaure (D:6)
  3 nagas (Lair:3)
  An acid dragon (D:7)
  5 wargs
  9 water moccasins
  2 ice beasts
  22 orc warriors
  A black bear (Lair:2)
  11 ogres
  7 wolves
  2 centaurs
  A phantom (D:5)
  A kobold brigand (D:5)
  Blork the orc (D:5)
  9 bullfrogs
  6 scorpions
  3 wights (D:7)
  3 howler monkeys
  14 jellies
  5 quasits (D:10)
  4 hounds
  24 orc priests
  A gnoll bouda (D:7)
  5 iguanas
  Jessica (D:3)
  Terence (D:2)
  8 hell rats
  28 orc wizards
  9 gnolls
  5 adders
  A river rat (Lair:1)
  5 white imps
  An ufetubus (D:5)
  A worm (D:2)
  The ghost of AverageBear the Sneak, a weakling DgDe (D:5)
  A dart slug (D:1)
  71 orcs
  5 bats
  10 endoplasms
  5 giant cockroaches
  18 goblins
  8 hobgoblins
  7 jackals (D:1)
  4 quokkas
  6 ball pythons
  7 frilled lizards
  15 kobolds
  7 rats
  2 butterflies (Lair:3)
575 creatures vanquished.

Vanquished Creatures (others)
  2 orc wizards (Orc:2)
2 creatures vanquished.

Grand Total: 577 creatures vanquished

Notes
Turn   | Place    | Note
-------+----------+-------------------------------------------
     0 | D:1      | Irreverend the Troll Fighter began the quest for the Orb.
     0 | D:1      | Reached XP level 1. HP: 22/22 MP: 0/0
    42 | D:1      | Reached XP level 2. HP: 29/29 MP: 1/1
   172 | D:1      | Found Boneset's Jewellery Shoppe.
   181 | D:1      | Reached XP level 3. HP: 36/36 MP: 2/2
   205 | D:1      | Found Diran's Weapon Shop.
   217 | D:1      | Reached skill level 3 in Unarmed Combat
   711 | D:2      | Reached XP level 4. HP: 28/44 MP: 3/3
   745 | D:2      | Noticed Terence
   759 | D:2      | Killed Terence
  1039 | D:3      | Found Boduetrudi's Book Shoppe.
  1101 | D:3      | Noticed Jessica
  1113 | D:3      | Killed Jessica
  1114 | D:3      | Reached XP level 5. HP: 34/53 MP: 4/4
  1213 | D:3      | Reached skill level 4 in Unarmed Combat
  1599 | D:4      | Noticed an ogre
  1600 | D:4      | an ogre changed into a water moccasin
  1600 | D:4      | Noticed a water moccasin
  1610 | D:4      | Killed a water moccasin
  1611 | D:4      | Reached XP level 6. HP: 23/61 MP: 5/5
  1842 | D:4      | Noticed a +0 spear
  1842 | D:4      | Noticed a +0 short sword
  1843 | D:4      | Noticed a +0 spear
  1843 | D:4      | Noticed a +0 short sword
  1844 | D:4      | Noticed a +0 falchion
  1844 | D:4      | Noticed a +0 falchion
  1844 | D:4      | Noticed a +0 dagger
  1845 | D:4      | Found a hide-covered altar of Uskayaw.
  1845 | D:4      | Noticed a +0 dagger
  1996 | D:4      | Reached skill level 5 in Unarmed Combat
  2167 | D:5      | Entered Level 5 of the Dungeon
  2233 | D:5      | Reached XP level 7. HP: 66/68 MP: 6/6
  2273 | D:5      | Reached skill level 6 in Unarmed Combat
  2415 | D:5      | Found Peevulof's Armour Emporium.
  2472 | D:5      | Found a runed translucent gate.
  2472 | D:5      | Found a runed translucent gate.
  2472 | D:5      | Found a runed translucent gate.
  2474 | D:5      | Noticed AverageBear's ghost (weakling DgDe)
  2548 | D:5      | Noticed Blork the orc
  2554 | D:5      | Killed Blork the orc
  2615 | D:5      | Reached skill level 5 in Shields
  2679 | D:5      | Reached XP level 8. HP: 48/79 MP: 7/7
  2830 | D:5      | Noticed a two-headed ogre
  2846 | D:5      | Killed a two-headed ogre
  2847 | D:5      | Reached skill level 5 in Fighting
  2847 | D:5      | Reached skill level 8 in Unarmed Combat
  2859 | D:5      | Noticed Grinder
  2861 | D:5      | Paralysed by Grinder for 3 turns
  2871 | D:5      | Killed Grinder
  3141 | D:5      | Found an iron altar of Okawaru.
  3294 | D:5      | Killed AverageBear's ghost
  3307 | D:5      | Reached XP level 9. HP: 57/85 MP: 8/8
  3579 | D:6      | Found an opulent altar of Gozag.
  3586 | D:6      | Found a runed translucent door.
  3589 | D:6      | Noticed Menkaure
  3595 | D:6      | Killed Menkaure
  3596 | D:6      | Reached skill level 9 in Unarmed Combat
  3670 | D:5      | HP: 2/89 [yak (10)]
  3871 | D:6      | Found a staircase to the Ecumenical Temple.
  3899 | Temple   | Entered the Ecumenical Temple
  4016 | Temple   | Became a worshipper of the Wu Jian Council
  4298 | D:6      | Noticed rundlesten's ghost (novice MiBe)
  4298 | D:6      | Noticed a brown ugly thing
  4567 | D:7      | Reached skill level 10 in Unarmed Combat
  4643 | D:7      | Identified the +2 trident of Wuuguysi {flame, Stlth+}
  4668 | D:7      | Reached * piety under Wu Jian
  4676 | D:7      | Found the +7 staff of the Meek {protect, meekguard}
  4929 | D:7      | Found a glowing golden altar of the Shining One.
  5003 | D:7      | Reached XP level 10. HP: 100/100 MP: 9/9
  5262 | D:8      | Noticed an orange demon
  5265 | D:8      | Noticed Amaemon
  5277 | D:8      | Noticed Maurice
  5312 | D:8      | Killed an orange demon
  5321 | D:8      | Killed Amaemon
  5333 | D:8      | Killed Maurice
  5334 | D:8      | Reached skill level 11 in Unarmed Combat
  5469 | D:8      | Noticed Grum
  5484 | D:8      | Killed Grum
  5553 | D:8      | Noticed a manticore
  5559 | D:8      | Killed a manticore
  5559 | D:8      | Reached ** piety under Wu Jian
  5583 | D:8      | Found a staircase to the Lair.
  6199 | D:9      | Found a staircase to the Orcish Mines.
  6275 | D:9      | Identified the +3 long sword of Indignation {freeze, rN+
                  | Str+3 Stlth+}
  6307 | D:9      | Reached XP level 11. HP: 109/109 MP: 10/10
  6365 | D:9      | Found Aqoneh's Magic Scroll Shop.
  6489 | D:9      | Reached skill level 12 in Unarmed Combat
  6590 | D:9      | Reached *** piety under Wu Jian
  6789 | D:10     | Entered Level 10 of the Dungeon
  6889 | D:10     | Noticed a soul eater
  6894 | D:10     | Killed a soul eater
  6895 | D:10     | Reached skill level 5 in Dodging
  6974 | D:10     | Noticed a soul eater
  7003 | D:10     | Killed a soul eater
  7008 | D:10     | Noticed a two-headed ogre
  7076 | D:10     | Killed a two-headed ogre
  7130 | D:10     | Found Wufyff's Book Boutique.
  7230 | D:10     | Reached skill level 13 in Unarmed Combat
  7371 | D:10     | Identified the scarf "Liula" {+Inv, rN+}
  7700 | D:10     | Gained mutation: You are dopey. (Int -2) [a neqoxec]
  7709 | D:10     | Reached XP level 12. HP: 29/122 MP: 11/11
  7938 | D:10     | Bought a book of Sloth for 504 gold pieces
  7945 | D:10     | Learned a level 6 spell: Statue Form
  8139 | Lair:1   | Entered Level 1 of the Lair of Beasts
  8152 | Lair:1   | Noticed Urug
  8157 | Lair:1   | Killed Urug
  8161 | Lair:1   | Reached skill level 1 in Earth Magic
  8179 | Lair:1   | Found a dark tunnel.
  8204 | Lair:1   | Reached skill level 1 in Transmutations
  8313 | Lair:1   | Reached skill level 1 in Spellcasting
  8688 | Lair:1   | Identified a scroll of acquirement
  8689 | Lair:1   | Acquired +2 pearl dragon scales
  9075 | Lair:2   | Reached **** piety under Wu Jian
  9445 | Lair:2   | You fall into a shaft and drop 1 floor!
  9447 | Lair:3   | Noticed an eight-headed hydra
  9493 | Lair:2   | Killed a 14-headed hydra
  9494 | Lair:2   | Reached skill level 5 in Earth Magic
  9617 | Lair:3   | Found a staircase to the Shoals.
  9825 | Lair:3   | Noticed a death yak
  9846 | Lair:3   | Killed a death yak
  9847 | Lair:3   | Reached XP level 13. HP: 106/128 MP: 17/17
 10077 | Lair:3   | Found a staircase to the Snake Pit.
 10490 | Lair:4   | Reached skill level 5 in Transmutations
 10737 | Lair:3   | HP: 5/128 [eight-headed hydra (11)]
 13264 | Lair:4   | Found a staircase to the Slime Pits.
 13292 | Lair:4   | Found a viscous altar of Jiyva.
 13624 | Lair:4   | Identified the +1 hand axe of Jeshenlyqu {holy, rElec Int+3
                  | Dex+4}
 13814 | Lair:5   | Entered Level 5 of the Lair of Beasts
 13997 | Lair:5   | Reached skill level 5 in Spellcasting
 14765 | Lair:5   | Reached XP level 14. HP: 125/137 MP: 21/21
 15492 | Lair:5   | Got the Lessons on Conjuration
 16420 | Orc:1    | Entered Level 1 of the Orcish Mines
 16777 | Orc:1    | Found Efyseru's Armour Shop.
 16786 | Orc:1    | Found Naovarog's CLEARANCE SALE!.
 16859 | Orc:1    | Found a radiant altar of Vehumet.
 16886 | Orc:1    | Noticed Jorgrun
 16903 | Orc:1    | Killed Jorgrun
 17076 | Orc:2    | Entered Level 2 of the Orcish Mines
 17227 | Orc:1    | Reached ***** piety under Wu Jian
 17600 | Orc:2    | Found a staircase to the Elven Halls.
 17743 | Orc:2    | Noticed an orc warlord
 17784 | Orc:1    | Killed an orc warlord
 18119 | Orc:2    | Found a large runed translucent door.
 18120 | Orc:2    | Found a large runed translucent door.
 18123 | Orc:2    | Noticed turdburglar's ghost (adept DsMo)
 18774 | Orc:2    | Gained mutation: You occasionally lose the ability to drink
                  | potions when taking damage. [a neqoxec]
 18899 | Orc:2    | Reached skill level 10 in Earth Magic
 18905 | Orc:2    | Found Xuhext's General Store.
 18905 | Orc:2    | Found Xouteor's General Store.
 18906 | Orc:2    | Found Mogeph's Antique Weapon Boutique.
 18906 | Orc:2    | Found Beuxa's Weapon Shoppe.
 18906 | Orc:2    | Killed from afar by an orc high priest

Illustrated notes

Levels and vault maps discovered:
D:1:      saegor_arrival_simple_b, layout_rooms, serial_shops, shop, shop,
          minmay_tripent
D:2:      layout_rooms, uniq_terence
D:3:      layout_basic, serial_glass, glass_columns_c, glass_columns_a,
          glass_columns_a, glass_columns_b, glass_columns_c, glass_columns_a,
          glass_columns_a, glass_columns_a, glass_columns_a, glass_columns_a,
          serial_shops, shop, uniq_jessica
D:4:      layout_cave_pools, nicolae_uskayaw_en_pointe, minmay_ogre_servants
D:5:      layout_gridville, okawaru_altar_gauntlet_db,
          gammafunk_ghost_nasty_kobolds, nicolae_take_the_stairs, uniq_grinder,
          uniq_blork_the_orc
D:6:      layout_rooms, kennysheep_mini, minmay_temple_entry_wispy,
          ebering_ghost_inner_flame, kennysheep_generic_room_11, uniq_menkaure
D:7:      layout_basic, mainiacjoe_overflow_tiny_flanked, pf_guarded_unrand_meek
D:8:      layout_basic, lair_entry_dummy, uniq_amaemon, uniq_maurice, uniq_grum
D:9:      layout_loops_ring, erik_orc_4, serial_shops, shop
D:10:     layout_long_grid, serial_shops, shop, serial_demonic,
          serial_demonic_d, serial_demonic_e, serial_demonic_c,
          serial_demonic_b, serial_demonic_e, serial_demonic_f,
          serial_demonic_f, nicolae_concentric_dashed_squares_wild,
          minmay_misc_feat_ornament, nrook_mini_backslash, grunt_ministairs_11
Temple:   nicolae_temple_bog_church
Lair:1:   layout_regular_city, nicolae_volcano_entry_hallway, pond,
          infiniplex_staircase_pool_2, uniq_urug
Lair:2:   layout_small_grid, pdpol_lair_cabin_in_the_woods,
          infiniplex_staircase_pool, uniq_erica
Lair:3:   layout_misc_corridors, nicolae_shoals_entry_roost,
          nicolae_snake_entry_squirm, lemuel_old_faithful, lemuel_fruit_fields
Lair:4:   layout_hall_layers, minmay_slime_entry_jelly_boxes, special_room
          [special_room_mythical_zoo], lemuel_fruit_tree
Lair:5:   evilmike_catoblepas_cave, layout_cave_pods,
          nicolae_quartered_pool_medium, grunt_megastairs_4
Orc:1:    layout_diamond_mine, serial_shops, shop, basic_altar,
          nicolae_shop_clearance, uniq_jorgrun
Orc:2:    grunt_orc_tribal_feast, layout_diamond_mine,
          ebering_ghost_disaster_area

Skill      XL: |  1  2  3  4  5  6  7  8  9 10 11 12 13 14 |
---------------+-------------------------------------------+-----
Shields        | 3 4 5 6 7 8 9 |  9.1
Unarmed Combat | 3 4 5 6 8 10 11 13 | 13.3
Fighting       | 3 4 5 6 7 8 |  8.3
Dodging        | 4 5 |  5.9
Earth Magic    | 5 8 10 | 10.0
Transmutations | 4 6 8 |  8.3
Spellcasting   | 3 5 6 |  6.9

Action                     |  1- 3 |  4- 6 |  7- 9 | 10-12 | 13-15 || total
---------------------------+-------+-------+-------+-------+-------++-------
  Melee: Unarmed           |   113 |   122 |   279 |   643 |  1055 ||  2212
  Throw: Large rock        |       |       |       |       |    16 ||    16
 Invoke: Serpent's Lash    |       |       |       |     5 |    27 ||    32
Ability: Lunge             |       |       |    12 |    43 |    76 ||   131
         Whirlwind         |       |       |     7 |   102 |   324 ||   433
         Wall Jump         |       |       |       |       |     3 ||     3
  Evoke: Wand              |       |     1 |     4 |     2 |    16 ||    23
    Use: Potion            |       |       |     1 |     2 |    15 ||    18
         Scroll            |       |       |       |    21 |    14 ||    35
   Stab: Sleeping          |       |     1 |       |       |       ||     1
         Invisible         |       |       |       |     1 |       ||     1
 Armour: Robe              |    31 |    27 |    38 |       |       ||    96
         Acid dragon scale |       |       |    14 |   100 |       ||   114
         Pearl dragon scal |       |       |       |    68 |   401 ||   469
         Skin              |       |       |       |       |    17 ||    17
  Dodge: Dodged            |    38 |    43 |    98 |   160 |   219 ||   558
  Block: Kite shield       |    39 |    46 |   134 |   375 |   586 ||  1180
         Reflection        |       |       |     3 |     8 |    10 ||    21
